 Dungeon Crawl Stone Soup version 0.30-a0-879-ga8ba668304 (webtiles) character file.

Game seed: 4066839328514450490

39718 avis the Brawler (level 14, -14/148 HPs)
             Began as a Hill Orc Transmuter on Mar 12, 2023.
             Was a High Priest of Beogh.
             Demolished by a spriggan rider
             ... wielding a +0 spear
              (27 damage)
             ... on level 5 of the Lair of Beasts on Mar 13, 2023.
             The game lasted 02:43:36 (20664 turns).

avis the Brawler (Hill Orc Transmuter)             Turns: 20664, Time: 02:43:37

Health: -14/148    AC:  7    Str: 14    XL:     14   Next: 7%
Magic:  30/30      EV:  1    Int: 15    God:    Beogh [*****.]
Gold:   1459       SH:  0    Dex:  9    Spells: 10/23 levels left

rFire   . . .      SeeInvis .    b - melded +3 shortbow
rCold   + + .      Faith    .    (shield currently unavailable)
rNeg    . . .      Spirit   .    P - melded +5 robe of Misfortune {Harm *Corrode *Slow EV+5}
rPois   +          Reflect  .    j - melded +2 hat of the Game Afoot {Contam rC+++ Str+2 SInv}
rElec   .          Rampage  .    M - melded +2 cloak
rCorr   .                        (gloves currently unavailable)
Will    ++++.                    f - melded +0 pair of boots
Stlth   +++                      E - amulet of regeneration
HPRegen 1.24/turn                D - ring of fire
MPRegen 0.22/turn                Q - ring of Poutuj {rPois Will+++ MP+9 Dex-4 Stlth+}

@: ice-form (expiring), sleeping
A: freezing attack, amphibious, boosted hp, walk on water, large
a: End Transformation, Renounce Religion, Smiting, Recall Orcish Followers, Give
Item to Named Follower


You were on level 5 of the Lair of Beasts.
You worshipped Beogh.
Beogh was extremely pleased with you.
You were a creature of crystalline ice.
You visited 3 branches of the dungeon, and saw 16 of its levels.
You also visited: Volcano.

You collected 2185 gold pieces.
You spent 726 gold pieces at shops.

Inventory:

Hand Weapons
 b - a +3 shortbow (melded)
 s - a +1 flail
 w - a +2 scimitar of flaming
 y - a +1 spear of freezing
 A - a +2 great mace of flaming
 C - a +1 lajatang of flaming
 H - a +3 spear
 X - a +3 halberd of freezing
Armour
 f - a +0 pair of boots (melded)
 j - the +2 hat of the Game Afoot (melded) {Contam rC+++ Str+2 SInv}
   (You acquired it on level 6 of the Dungeon)

   Str:       It affects your strength (+2).
   rC:        It renders you almost immune to cold.
   SInv:      It lets you see invisible.
   Contam:    It causes magical contamination when unequipped.
 p - +0 steam dragon scales
 F - a +4 ring mail of fire resistance
 G - a +3 plate armour of fire resistance
 M - a +2 cloak (melded)
 P - the +5 robe of Misfortune (melded) {Harm *Corrode *Slow EV+5}
   (You found it on level 6 of the Dungeon)

   EV:        It affects your evasion (+5).
   *Corrode:  It may corrode you when you take damage.
   *Slow:     It may slow you when you take damage.
   Harm:      It increases damage dealt and taken.
Jewellery
 e - a +6 ring of intelligence
 m - a +5 ring of evasion
 x - a +5 ring of evasion
 D - a ring of fire (left front paw)
 E - an amulet of regeneration (around neck)
 O - a ring of ice
 Q - the ring of Poutuj (right front paw) {rPois Will+++ MP+9 Dex-4 Stlth+}
   (You acquired it on level 6 of the Dungeon)

   [ring of magical power]

   Dex:       It affects your dexterity (-4).
   rPois:     It protects you from poison.
   MP:        It affects your magic capacity (+9).
   Will:      It greatly increases your willpower.
   Stlth:     It makes you more stealthy.
Wands
 g - a wand of flame (25)
 o - a wand of digging (13)
 r - a wand of paralysis (28)
 B - a wand of iceblast (41)
Scrolls
 a - 4 scrolls of poison {unknown}
 c - a scroll of butterflies {unknown}
 d - 6 scrolls of teleportation
 i - 3 scrolls of magic mapping {unknown}
 k - 2 scrolls of enchant weapon {unknown}
 u - 3 scrolls of fear
 K - 4 scrolls of fog
 V - 3 scrolls of immolation {unknown}
Potions
 h - 4 potions of might
 l - 3 potions of ambrosia
 n - 3 potions of flight
 q - 2 potions of berserk rage
 t - a potion of invisibility {unknown}
 v - a potion of lignification
 z - a potion of mutation
 L - 4 potions of curing
 R - a potion of brilliance
 S - 4 potions of cancellation


   Skills:
 - Level 11.0 Fighting
 - Level 10.0 Dodging
 - Level 2.0 Stealth
 * Level 15.9 Unarmed Combat
 - Level 5.0 Spellcasting
 - Level 5.0 Translocations
 - Level 5.0 Transmutations
 - Level 4.0 Ice Magic
 - Level 1.0 Poison Magic
 - Level 5.0 Invocations


You had 10 spell levels left.
You knew the following spells:

 Your Spells              Type           Power      Damage    Failure   Level
a - Beastly Appendage     Tmut           36%        N/A       1%          1
e - Wereblood             Tmut           18%        N/A       3%          2
h - Vhi's Electric Charg  Tloc/Air       22%        N/A       17%         3
p - Spider Form           Tmut/Pois      12%        N/A       14%         3
q - Ice Form              Ice/Tmut       17%        N/A       26%         4

Your spell library contained the following spells:

 Spells                   Type           Power      Damage    Failure   Level
 Poisonous Vapours        Pois/Air       10%        N/A       21%         2
 Cigotuvi's Dreadful Rot  Necr/Pois/Air  8%         N/A       22%         2
 Mephitic Cloud           Conj/Pois/Air  4%         N/A       41%         3
 Anguish                  Hex/Necr       1%         N/A       85%         4
 Arcjolt                  Conj/Air       1%         1d11      99%         5
 Enfeeble                 Hex            1%         N/A       100%        7
 Maxwell's Capacitive Co  Air            1%         ∞         100%        8


Dungeon Overview and Level Annotations

Branches:
Dungeon (10/15)            Temple (1/1) D:7            Lair (5/5) D:8
 Shoals (0/4) Lair:2       Spider (0/4) Lair:2        Slime (0/5) Lair:4
    Orc (0/2) D:10        Volcano (visited)

Altars:
Cheibriados
Dithmenos
Fedhas
Hepliaklqana
Makhleb
Nemelex Xobeh
Sif Muna
Trog
The Shining One
Jiyva

Shops:
D:4 ?   D:10 !

Annotations:
D:3 1 runed translucent door, Soil's ghost, amateur NaFi
Lair:1 2 transporters, jasper's ghost, journeyman DsCj


Message History

The spriggan rider hits you from afar with a +0 spear.
* * * LOW HITPOINT WARNING * * *
Aiming: Iceblast
Press: ? - help, Shift-Dir - straight line, f - spriggan rider
Aim: a spriggan rider, wielding a +0 spear (ally target)
The mass of ice explodes!
The iceblast engulfs the spriggan rider!
The spriggan rider is lightly wounded.
The iceblast engulfs the dream sheep!
The dream sheep is heavily wounded.
The iceblast engulfs the dream sheep!
The dream sheep is heavily wounded.
The iceblast engulfs the dream sheep!
The dream sheep is severely wounded.
The iceblast engulfs the dream sheep!
The dream sheep is severely wounded.
The iceblast engulfs the basilisk!
The basilisk is moderately wounded.
You hear an angry hiss.
The dream sheep shake their wool and sparkle.
You feel drowsy...
You fall asleep.
The basilisk gazes at you. You resist with almost no effort.
The spriggan rider hits you from afar with a +0 spear!!
You wake up.
* * * LOW HITPOINT WARNING * * *
You feel better. The dream sheep bites you.
* * * LOW HITPOINT WARNING * * *
The spriggan rider barely misses you.
You swap places.
The dream sheep bites Thorok.
Thorok closely misses the spriggan rider.
Your transformation is almost over.
The dream sheep shake their wool and sparkle.
You feel drowsy...
You fall asleep.
Thorok blocks the dream sheep's attack.
The spriggan rider completely misses you.
Thorok completely misses the spriggan rider.
The dream sheep misses Thorok.
The spriggan rider hits you from afar with a +0 spear!!
You die...

##### ### ####.##Y##
##.## #...##o≈.####[..#
#hYYYYi≈≈÷##÷#÷##
#.hYY≈≈≈≈≈..####
##..il≈≈≈≈≈###
###..Yh##§≈≈#####
#.....h.##≈##...# #
##.......#####...#
####.#......##.##.....#


You could see a spriggan rider (ally target), a polar bear, a yak, a basilisk, a
spriggan, 2 wolves, 4 dream sheep and the friendly Thorok the orc knight.

Vanquished Creatures
  Gastronok (Lair:2)
  A hydra (Lair:3)
  Erica (Lair:1)
  A two-headed ogre (D:10)
  A centaur warrior (D:10)
  6 death yaks
  A boulder beetle (Lair:5)
  A skyshark (Lair:1)
  A fire crab (Volcano)
  2 lindwurms
  A wolf spider (Lair:3)
  Joseph (Lair:1)
  6 black mambas
  5 cane toads
  A torpor snail (Lair:1)
  A rime drake (Lair:4)
  7 komodo dragons
  2 polar bears
  2 hornets
  12 blink frogs
  A snapping turtle (Lair:2)
  2 dream sheep (Lair:1)
  2 slime creatures (Lair:4)
  3 spriggans (Lair:5)
  2 culicivoras (Lair:2)
  10 fire bats (Volcano)
  4 wyverns
  A wraith (D:10)
  43 yaks
  A basilisk (Lair:1)
  2 steam dragons
  Eustachio (D:4)
  A redback (Lair:2)
  An acid dragon (D:9)
  10 water moccasins
  3 hell hounds (Volcano)
  2 orc warriors (D:8)
  3 ice beasts (D:6)
  A black bear (D:4)
  2 ogres
  24 wolves
  3 phantoms
  8 centaurs
  7 kobold brigands
  15 bullfrogs
  5 scorpions (D:6)
  16 wights
  5 killer bees
  2 howler monkeys
  An electric eel (Lair:2)
  7 lava snakes (Volcano)
  2 jellies (Lair:4)
  8 orc priests
  A gnoll bouda (D:7)
  A sleepcap (D:7)
  Jessica (D:2)
  Natasha (thrice) (D:4)
  3 iguanas
  12 orc wizards
  Robin (D:2)
  10 gnolls
  10 adders
  A shadow imp (D:6)
  A white imp (D:6)
  3 ufetubi
  2 adder zombies (D:3)
  2 adder skeletons (D:3)
  A worm (D:4)
  2 dart slugs (D:2)
  18 orcs
  7 ball pythons
  5 endoplasms
  2 giant cockroaches (D:1)
  19 goblins
  20 hobgoblins
  3 jackals
  3 quokkas
  A ball python skeleton (D:3)
  11 bats
  A frilled lizard (D:1)
  64 kobolds
  2 quokka zombies (D:3)
  6 rats
468 creatures vanquished.

Vanquished Creatures (collateral kills)
  A rime drake (Lair:4)
  2 blink frogs (Lair:5)
  8 yaks
  A water moccasin (Lair:4)
  A boggart (Lair:5)
  3 wolves (Lair:5)
  An orc (D:10)
  A hobgoblin (D:10)
18 creatures vanquished.

Vanquished Creatures (others)
  An orc wizard (D:10)
  4 orcs
  2 bushes (Lair:5)
  21 fungi
  21 plants
49 creatures vanquished.

Grand Total: 535 creatures vanquished

Notes
Turn   | Place    | Note
-------+----------+-------------------------------------------
     0 | D:1      | avis the Hill Orc Transmuter began the quest for the Orb.
     0 | D:1      | Reached XP level 1. HP: 16/16 MP: 3/3
   146 | D:1      | Reached XP level 2. HP: 17/26 MP: 4/4
   384 | D:1      | Reached XP level 3. HP: 31/31 MP: 3/5
   432 | D:1      | Reached skill level 4 in Unarmed Combat
   902 | D:2      | Found a faded altar of an unknown god.
  1003 | D:2      | Noticed Jessica
  1011 | D:2      | Killed Jessica
  1012 | D:2      | Reached XP level 4. HP: 30/38 MP: 4/6
  1097 | D:2      | Noticed Robin
  1107 | D:2      | Reached skill level 5 in Unarmed Combat
  1133 | D:2      | Killed Robin
  1362 | D:2      | Reached XP level 5. HP: 45/45 MP: 5/7
  1778 | D:2      | Learned a level 2 spell: Wereblood
  1782 | D:2      | Learned a level 3 spell: Spider Form
  1870 | D:3      | Noticed Soil's ghost (amateur NaFi)
  2037 | D:3      | Reached skill level 6 in Unarmed Combat
  2050 | D:3      | Reached skill level 1 in Stealth
  2244 | D:3      | Reached XP level 6. HP: 51/51 MP: 8/8
  2284 | D:3      | Found a runed translucent door.
  2753 | D:4      | Noticed Eustachio
  2790 | D:4      | Killed Eustachio
  2791 | D:4      | Reached skill level 1 in Poison Magic
  2796 | D:4      | Learned a level 3 spell: Vhi's Electric Charge
  2955 | D:4      | Found Lysimet's Magic Scroll Boutique.
  2969 | D:4      | Reached XP level 7. HP: 57/57 MP: 3/10
  3222 | D:4      | Found a snail-covered altar of Cheibriados.
  3356 | D:4      | Noticed Natasha
  3364 | D:4      | Killed Natasha
  3660 | D:4      | Reached XP level 8. HP: 57/66 MP: 8/12
  4227 | D:4      | Noticed Natasha
  4236 | D:4      | Killed Natasha
  4522 | D:4      | Learned a level 4 spell: Ice Form
  4541 | D:4      | Noticed Natasha
  4591 | D:4      | Killed Natasha
  4607 | D:4      | Bought a scroll of brand weapon for 114 gold pieces
  4607 | D:4      | Bought a scroll of identify for 24 gold pieces
  4607 | D:4      | Bought a scroll of identify for 24 gold pieces
  4607 | D:4      | Bought a scroll of teleportation for 36 gold pieces
  4666 | D:5      | Entered Level 5 of the Dungeon
  4820 | D:5      | Reached skill level 7 in Unarmed Combat
  4956 | D:5      | Reached skill level 8 in Unarmed Combat
  5055 | D:5      | Became a worshipper of Beogh the Brigand
  6090 | D:6      | Reached skill level 9 in Unarmed Combat
  6175 | D:6      | Reached XP level 9. HP: 67/71 MP: 9/13
  6203 | D:6      | Reached skill level 10 in Unarmed Combat
  6259 | D:6      | Reached * piety under Beogh
  6537 | D:6      | Found a hazy altar of Hepliaklqana.
  6654 | D:6      | Found the +5 robe of Misfortune {Harm *Corrode *Slow EV+5}
  6681 | D:6      | Identified 2 scrolls of acquirement
  6699 | D:6      | Found a burning altar of Makhleb.
  6704 | D:6      | Found a shadowy altar of Dithmenos.
  6707 | D:6      | Found a sparkling altar of Nemelex Xobeh.
  6768 | D:6      | Acquired 1000 gold pieces
  6780 | D:6      | Acquired the +2 hat of the Game Afoot {Contam rC+++ Str+2
                  | SInv}
  7024 | D:6      | Acquired the ring of Poutuj {rPois Will+++ MP+9 Dex-4
                  | Stlth+}
  7399 | D:7      | Reached skill level 5 in Fighting
  7566 | D:7      | Found a staircase to the Ecumenical Temple.
  7572 | Temple   | Entered the Ecumenical Temple
  8283 | D:8      | Reached skill level 11 in Unarmed Combat
  8289 | D:8      | Reached XP level 10. HP: 58/81 MP: 16/16
  8390 | D:8      | Reached ** piety under Beogh
  8595 | D:8      | Found a staircase to the Lair.
  8703 | D:8      | Reached skill level 12 in Unarmed Combat
  8840 | D:8      | Reached skill level 1 in Ice Magic
  9230 | Lair:1   | Entered Level 1 of the Lair of Beasts
  9421 | Lair:1   | Noticed a skyshark
  9700 | Lair:1   | Killed a skyshark
  9937 | Lair:1   | Noticed a spriggan berserker
  9938 | Lair:1   | Noticed a moth of wrath
  9938 | Lair:1   | Noticed jasper's ghost (journeyman DsCj)
  9939 | Lair:1   | Found a bloodstained altar of Trog.
  9947 | Lair:1   | Noticed a spriggan rider
  9952 | Lair:1   | Found a transporter.
  9955 | Lair:1   | Noticed a spriggan rider
  9964 | Lair:1   | Noticed a black mamba
  9979 | Lair:1   | Killed a black mamba
 10192 | Lair:1   | Reached skill level 13 in Unarmed Combat
 10345 | Lair:1   | Noticed a black mamba
 10346 | Lair:1   | Noticed Joseph
 10359 | Lair:1   | Killed a black mamba
 10360 | Lair:1   | Reached XP level 11. HP: 9/89 MP: 17/17
 10361 | Lair:1   | Killed Joseph
 10604 | Lair:1   | Noticed Erica
 10613 | Lair:1   | Killed Erica
 10614 | Lair:1   | Reached skill level 14 in Unarmed Combat
 11028 | Lair:1   | Reached skill level 5 in Dodging
 11193 | Lair:1   | Found a transporter.
 12624 | Lair:2   | Found a staircase to the Shoals.
 12941 | Lair:2   | Noticed Gastronok
 12944 | Lair:2   | Found a hole to the Spider Nest.
 12961 | Lair:2   | Reached *** piety under Beogh
 12979 | Lair:2   | Killed Gastronok
 13243 | Lair:3   | Reached skill level 10 in Fighting
 13254 | Lair:2   | Reached skill level 1 in Translocations
 13371 | Lair:2   | Reached XP level 12. HP: 106/106 MP: 18/18
 14050 | Lair:3   | Noticed a seven-headed hydra
 14310 | Lair:3   | Killed a seven-headed hydra
 14722 | Lair:3   | Noticed a death yak
 14722 | Lair:3   | Noticed a death yak
 14722 | Lair:3   | Noticed a death yak
 14723 | Lair:3   | Noticed a death yak
 14727 | Lair:3   | Noticed a death yak
 14727 | Lair:3   | Noticed a death yak
 14738 | Lair:2   | Killed a death yak
 15187 | Lair:3   | Killed a death yak
 15247 | Lair:3   | Killed a death yak
 15261 | Lair:3   | Killed a death yak
 15265 | Lair:3   | Killed a death yak
 15269 | Lair:3   | Killed a death yak
 15270 | Lair:3   | Reached skill level 10 in Dodging
 15643 | Lair:3   | Reached XP level 13. HP: 113/113 MP: 18/19
 16576 | D:9      | Reached **** piety under Beogh
 16617 | D:9      | Found a blossoming altar of Fedhas.
 16627 | D:9      | Found a glowing golden altar of the Shining One.
 16787 | D:9      | Reached skill level 15 in Unarmed Combat
 17626 | D:10     | Entered Level 10 of the Dungeon
 17782 | D:10     | Found a staircase to the Orcish Mines.
 18483 | D:10     | Reached skill level 5 in Transmutations
 18667 | D:10     | Found Fices's Distillery.
 18681 | D:10     | Bought a potion of brilliance for 48 gold pieces
 18681 | D:10     | Bought a potion of heal wounds for 60 gold pieces
 18681 | D:10     | Bought a potion of resistance for 120 gold pieces
 18681 | D:10     | Bought a potion of curing for 36 gold pieces
 18681 | D:10     | Bought 2 potions of ambrosia for 192 gold pieces
 18681 | D:10     | Bought 2 potions of flight for 72 gold pieces
 18932 | Lair:3   | Gained Wardok as an ally
 19046 | Lair:4   | Found a viscous altar of Jiyva.
 19046 | Lair:4   | Found a staircase to the Slime Pits.
 19221 | Lair:4   | Reached skill level 5 in Spellcasting
 20014 | Lair:5   | Entered Level 5 of the Lair of Beasts
 20045 | Lair:5   | Reached skill level 5 in Translocations
 20046 | Lair:5   | Reached skill level 1 in Invocations
 20049 | Lair:5   | Reached ***** piety under Beogh
 20100 | Lair:5   | Gained Thorok as an ally
 20190 | Lair:5   | Reached skill level 5 in Invocations
 20285 | Lair:5   | Found a dark tunnel.
 20327 | Volcano  | Entered a volcano
 20482 | Volcano  | Reached XP level 14. HP: 50/124 MP: 21/21
 20484 | Volcano  | Found a burning altar of Makhleb.
 20594 | Volcano  | Found a radiant altar of Vehumet.
 20660 | Lair:5   | HP: 3/148 [spriggan rider/+0 spear (21)]
 20664 | Lair:5   | Demolished by a spriggan rider

Illustrated notes

Levels and vault maps discovered:
D:1:      sevenhm_arrival_forest_fort_small_3, layout_rooms,
          minmay_misc_feat_secret_circle
D:2:      layout_loops_cross, ebering_ecumenical_altar_hall, chequers_jeans,
          uniq_jessica, uniq_robin
D:3:      layout_rooms, hellmonk_ghost_happy_afterlife, serial_undead,
          serial_undead_e, serial_undead_f, serial_undead_f, serial_undead_a
D:4:      minmay_goblin_kobold_castle, layout_basic,
          mainiacjoe_overflow_concentric_impassable, serial_shops, shop,
          minmay_checkerbox, uniq_eustachio, uniq_natasha
D:5:      layout_loops_ring, serial_bayou_pond_d
D:6:      old_forge, layout_rooms, grunt_temple_overflow_diamond,
          worldfamousw_hep_ancestral_shrine
D:7:      layout_basic, minmay_temple_entry_enclosed_plants
D:8:      layout_basic, lair_entry_dummy
D:9:      layout_long_grid, jmf_multi_god_temple
D:10:     layout_irregular_city, erik_orc_3, serial_shops,
          nicolae_shop_waterfront, serial_park_tiny_2, minivault_19
Temple:   regret_index_temple_waves
Lair:1:   layout_roguey, gammafunk_ghost_wrathful_warriors, grunt_megastairs_2,
          uniq_erica, uniq_joseph
Lair:2:   layout_roguey, minmay_shoals_entry_hut, spider_nest_entry_funnel_web,
          uniq_gastronok
Lair:3:   layout_hall_layers, nicolae_lair_run_with_the_wolves,
          grunt_megastairs_5
Lair:4:   layout_small_grid, minmay_slime_entry_pillars
Lair:5:   minmay_lair_end_enchanted_forest, layout_misc_corridors,
          enter_volcano_4

Skill      XL: |  1  2  3  4  5  6  7  8  9 10 11 12 13 |
---------------+----------------------------------------+-----
Fighting       | 3 4 5 6 10 11 | 11.0
Unarmed Combat | 4 5 6 9 11 13 14 15 | 15.9
Dodging        | 2 4 6 10 | 10.0
Stealth        | 1 2 |  2.0
Spellcasting   | 2 3 4 5 |  5.0
Transmutations | 2 4 5 |  5.0
Poison Magic   | 1 |  1.0
Ice Magic      | 4 |  4.0
Translocations | 2 3 5 |  5.0
Invocations    | 5 |  5.0

Action                     |  1- 3 |  4- 6 |  7- 9 | 10-12 | 13-15 || total
---------------------------+-------+-------+-------+-------+-------++-------
  Melee: Unarmed           |    55 |   141 |   396 |   462 |   308 ||  1362
         Punch             |     1 |     4 |     1 |     1 |     3 ||    10
         Kick              |    10 |    25 |    16 |       |       ||    51
         Headbutt          |     6 |     9 |    11 |       |       ||    26
         Shortbow          |       |       |       |       |     1 ||     1
   Fire: Sling             |    37 |    26 |    53 |       |       ||   116
         Shortbow          |       |       |     4 |    27 |     9 ||    40
   Cast: Beastly Appendage |     8 |    27 |    12 |       |       ||    47
         Spider Form       |       |     4 |    53 |    55 |     5 ||   117
         Ice Form          |       |       |       |    12 |    21 ||    33
         Vhi's Electric Ch |       |       |       |     2 |    36 ||    38
         Wereblood         |       |       |       |     2 |       ||     2
 Invoke: Convert to Beogh  |       |       |     1 |       |       ||     1
         Recall Orcish Fol |       |       |       |       |     4 ||     4
         Stop Recall       |       |       |       |       |     2 ||     2
         Give Item to Name |       |       |       |       |     1 ||     1
  Evoke: Wand              |       |       |       |       |     2 ||     2
    Use: Potion            |       |     1 |     1 |     5 |     7 ||    14
         Scroll            |       |       |    10 |     5 |     4 ||    19
   Stab: Sleeping          |       |       |     4 |     8 |       ||    12
         Distracted        |       |       |       |       |     1 ||     1
 Armour: Robe              |     9 |    17 |     9 |    12 |    11 ||    58
         Skin              |       |     1 |    17 |    15 |    34 ||    67
  Dodge: Dodged            |    24 |   149 |   420 |   548 |   277 ||  1418

Table legend: (Time is in decaauts)
 A = Elapsed time spent in this place.
 B = Non-inter-level travel time spent in this place.
 C = Inter-level travel time spent in this place.
 D = Time resting spent in this place.
 E = Time spent auto-exploring this place.
 F = Levels seen in this place.
 G = Mean time per level.
                   A        B        C        D        E       F      G
               +--------+--------+--------+--------+--------+-----+--------+
         Total |  20462 |  18236 |   2226 |   5212 |   7331 |  17 | 1203.6 |
       Dungeon |  11875 |  10195 |   1680 |   1817 |   5079 |  10 | 1187.5 |
        Temple |     46 |     41 |      5 |      0 |      0 |   1 |   46.0 |
          Lair |   8278 |   7738 |    540 |   3342 |   2252 |   5 | 1655.6 |
       Volcano |    261 |    261 |      0 |     53 |      0 |   1 |  261.0 |
               +--------+--------+--------+--------+--------+-----+--------+

Top non-repeatable levels by time:
  Lair:2: 2875 daAuts
  Lair:1: 2368 daAuts
     D:4: 2000 daAuts
  Lair:3: 1869 daAuts
     D:7: 1533 daAuts
     D:8: 1254 daAuts
     D:9: 1229 daAuts
     D:2: 1165 daAuts
     D:6: 1132 daAuts
     D:5: 1108 daAuts
    D:10: 888 daAuts
  Lair:4: 859 daAuts
     D:1: 853 daAuts
     D:3: 710 daAuts
  Lair:5: 305 daAuts
